Map: Ever Dream LE

Players

NYK

  • Race: Zerg Zerg
  • League: Grandmaster
  • Spawn Location: 1:00

Dolan - Winner!

  • Race: Terran Terran
  • League: Master
  • Spawn Location: 7:00

Event: The Miserable Cup

VOD

https://youtu.be/AbEDomaO4Pc

Description

Time

  • Played on: June 19, 2020, 12:33 p.m.
  • Length: 9:32

All games in this series

Show
View Real Time Build Order
Export as new Build Order

NYK Zerg 

Build Orders: Hatch First 

Get SALT Encoding   

  12  0:01  Drone  
  13  0:12  Overlord  
  13  0:17  Drone  
  14  0:30  Drone x2  
  16  0:49  Hatchery  
  15  0:51  Drone  
  15  0:55  Drone  
  17  0:59  Drone  
  18  1:09  Extractor  
  17  1:13  Spawning Pool  
  17  1:17  Drone  
  17  1:20  Drone  
  18  1:29  Drone  
  20  1:40  Drone  
  20  1:51  Overlord  
  20  2:04  Zergling x4, Queen  
  20  2:05  Queen  
  26  2:17  Hatchery  
  26  2:20  Drone  
  26  2:22  Drone  
  27  2:40  Metabolic Boost  
  27  2:41  Queen  
  29  2:45  Overlord  
  29  2:54  Drone x5  
  34  3:00  Overlord  
  34  3:12  Drone x2  
  36  3:24  Drone x4  
  39  3:34  Roach Warren  
  39  3:38  Drone  
  39  3:39  Drone x3  
  42  3:49  Zergling x6, Extractor  
  44  3:59  Overlord  
  44  4:00  Zergling x2  
  44  4:01  Zergling x12  
  51  4:18  Roach x4  
  51  4:20  Roach  
  61  4:25  Roach  
  61  4:26  Roach  
  61  4:30  Overlord  
  65  4:33  Overlord x2  
  65  4:42  Overlord  
  65  4:49  Roach  
  65  4:50  Roach x3  
  73  4:58  Roach  
  73  4:59  Roach  
  77  5:04  Overlord x2  
  77  5:07  Zergling x18  
  86  5:24  Ravager  
  86  5:27  Drone  
  86  5:28  Drone x7  
  93  5:39  Drone x3  
  96  5:45  Queen x3  
  96  5:47  Spore Crawler  
  98  5:55  Drone x3  
  78  6:05  Drone x3  
  78  6:09  Drone x3  
  71  6:17  Spore Crawler  
  64  6:19  Spore Crawler  
  64  6:21  Queen x3  
  64  6:23  Extractor  
  64  6:24  Roach  
  64  6:25  Roach x4  
  78  6:34  Roach  
  78  6:35  Evolution Chamber, Roach x2  
  78  6:36  Evolution Chamber  
  84  6:40  Roach x2  
  81  6:56  Queen  
  81  7:00  Drone  
  81  7:01  Drone x10  
  94  7:13  Lair  
  94  7:16  Overlord, Extractor  
  94  7:17  Overlord, Extractor  
  94  7:18  Overlord  
  92  7:30  Evolution Chamber  
  90  7:44  Zergling x30  
  101  7:48  Queen  
  107  7:59  Ravager  
  107  8:00  Overlord x2  
  107  8:01  Ravager x6  
  114  8:10  Zergling x12  
  114  8:11  Zergling x2  
  121  8:19  Nydus Network  
  119  8:22  Overseer  
  119  8:24  Zergling x2  
  119  8:25  Zergling x8  
  123  8:38  Zergling x18  
  123  8:40  Zergling x2  
  133  8:44  Ravager x2  
  133  8:45  Ravager  
  134  9:02  Nydus Canal  
  132  9:06  Overlord  
  132  9:07  Overlord x4  
Show
View Real Time Build Order
Export as new Build Order

Dolan Terran - Winner!

Build Orders: Hellion Opening, Reaper Expand, Mech 

Get SALT Encoding   

  12  0:00  SCV  
  13  0:13  SCV  
  14  0:18  Supply Depot  
  14  0:25  SCV  
  15  0:39  SCV  
  15  0:41  Barracks  
  16  0:44  Refinery  
  16  0:51  SCV  
  17  1:03  SCV  
  18  1:16  SCV  
  19  1:27  Reaper  
  19  1:28  Orbital Command  
  20  1:40  Command Center  
  20  1:48  Supply Depot  
  20  1:53  SCV  
  21  1:59  Marine  
  22  2:05  SCV  
  23  2:08  Factory  
  23  2:13  Refinery  
  23  2:19  SCV  
  23  2:21  Barracks Reactor  
  24  2:31  SCV  
  25  2:43  SCV  
  26  2:54  Starport  
  26  2:55  SCV, Orbital Command  
  27  3:06  Marine, Hellion x2  
  27  3:07  SCV  
  33  3:19  SCV  
  34  3:22  SCV  
  34  3:25  Supply Depot  
  35  3:28  Hellion x2  
  35  3:31  SCV  
  35  3:33  Fusion Core  
  40  3:34  Starport Tech Lab  
  40  3:38  SCV  
  41  3:43  SCV  
  42  3:49  Hellion x2  
  42  3:51  Supply Depot  
  46  3:59  SCV x2  
  47  4:10  Hellion x2  
  47  4:13  SCV x2  
  53  4:20  Command Center  
  53  4:37  Battlecruiser  
  53  4:38  SCV x2  
  61  4:42  Refinery x2  
  61  4:50  SCV  
  62  4:54  Bunker  
  62  4:56  SCV  
  62  5:07  Marine, SCV  
  62  5:08  SCV, Hellion x2  
  68  5:28  SCV x2  
  68  5:31  Factory  
  68  5:33  Factory  
  68  5:40  SCV x2  
  63  6:10  SCV x2, Orbital Command  
  59  6:12  Battlecruiser  
  59  6:17  Factory Tech Lab x2  
  65  6:30  Hellion x2  
  65  6:31  SCV x2  
  71  6:41  Supply Depot x2  
  71  6:43  SCV  
  71  6:46  Siege Tank  
  71  7:01  SCV x3  
  71  7:03  Siege Tank  
  71  7:04  Hellion x2  
  81  7:13  SCV x2  
  81  7:14  SCV  
  84  7:20  Battlecruiser  
  90  7:25  SCV x2  
  90  7:26  SCV  
  90  7:28  Siege Tank  
  88  7:38  SCV x2  
  90  7:45  Orbital Command  
  90  7:48  Siege Tank, Hellion  
  90  7:49  Hellion  
  90  7:50  SCV x2  
  99  7:54  Refinery  
  99  8:07  Refinery, SCV x2  
  99  8:10  Armory x2  
  101  8:18  Supply Depot x2  
  101  8:19  Supply Depot  
  101  8:20  Supply Depot  
  101  8:38  Supply Depot  
  101  8:39  SCV x2  
  101  8:40  SCV, Hellion x2  
  114  8:48  Siege Tank x2  
  114  8:56  SCV x3  
  123  9:03  Hellion x2  
  123  9:08  Bunker, SCV x3, Command Center  
Tags
 
Add a new tag
Caveats
  • Supply blocks, unpowered buildings, or Contaminate may cause inaccurate times.
  • Supply counts are checked every 10 seconds.